 Dungeon Crawl Stone Soup version 0.31.0-12-g77e489cdc1 (webtiles) character file.

Game seed: 4405160255083869644

197 sking99 the Shooter (level 6, 0/36 HPs)
             Began as a Kobold Hexslinger on Feb 20, 2024.
             Was an Initiate of Ashenzari.
             Succumbed to an adder's poison
             ... on level 3 of the Dungeon.
             The game lasted 00:07:26 (2750 turns).

sking99 the Shooter (Kobold Hexslinger)             Turns: 2750, Time: 00:07:26

Health: 0/36       AC:  3    Str:  7    XL:     6   Next: 5%
Magic:  9/9        EV: 16    Int: 15    God:    Ashenzari [......]
Gold:   199        SH:  0    Dex: 17    Spells: 1/9 levels left

rFire   . . .        a - +1 sling
rCold   . . .        (no shield)
rNeg    . . .        c - +0 robe
rPois   .            (no helmet)
rElec   .            n - +0 cloak
rCorr   .            (no gloves)
SInv    .            (no boots)
Will    .....        d - amulet of magic regeneration
Stlth   +++          (no ring)
HPRegen 0.26/turn    (no ring)
MPRegen 0.51/turn

%: no passive effects
@: lethally poisoned (0 -> -2), weak-willed
A: small, no large weapons, nightstalker 3
a: Renounce Religion


You were on level 3 of the Dungeon.
You worshipped Ashenzari.
Ashenzari was noncommittal.
You visited 1 branch of the dungeon, and saw 3 of its levels.

You collected 199 gold pieces.

Inventory:

Hand Weapons
 a - a +1 sling (weapon)
Armour
 c - a +0 robe (worn)
 n - a +0 cloak (worn)
Jewellery
 d - an amulet of magic regeneration (around neck)
 f - a +4 ring of slaying
Scrolls
 b - a scroll of poison
 e - 3 scrolls of identify {unknown}
 h - a scroll of noise {unknown}
 l - a scroll of vulnerability {unknown}
 p - a scroll of enchant armour {unknown}
Potions
 g - 2 potions of berserk rage {unknown}
 i - 4 potions of curing {unknown}
 j - 2 potions of degeneration {unknown}
 k - a potion of resistance {unknown}
 m - a potion of ambrosia {unknown}
 o - a potion of brilliance {unknown}


   Skills:
 + Level 2.5 Fighting
 * Level 4.9 Ranged Weapons
 + Level 3.5 Dodging
 + Level 2.2 Spellcasting
 + Level 3.5 Hexes
 - Level 1.3 Fire Magic


You had one spell level left.
You knew the following spells:

 Your Spells              Type           Power      Damage    Failure   Level
a - Jinxbite              Hex            24%        N/A       8%          2
b - Sigil of Binding      Hex            12%        N/A       16%         3
c - Inner Flame           Hex/Fire       9%         N/A       24%         3

Your spell library contained the following spells:

 Spells                   Type           Power      Damage    Failure   Level
 Sublimation of Blood     Necr           1%         N/A       32%         2
 Cause Fear               Hex            6%         N/A       45%         4
 Stone Arrow              Conj/Erth      2%         3d7       54%         3
 Dimensional Bullseye     Hex/Tloc       3%         N/A       71%         4
 Animate Armour           Summ/Erth      2%         N/A       91%         4
 Petrify                  Alch/Erth      1%         N/A       91%         4
 Irradiate                Conj/Alch      0%         3d11      99%         5
 Iskenderun's Battlesphe  Conj           1%         2d6       99%         5
 Bombard                  Conj/Erth      0%         9d1       100%        6
 Spellforged Servitor     Conj/Summ      0%         N/A       100%        7
 Lehudib's Crystal Spear  Conj/Erth      0%         10d2      100%        8


Dungeon Overview and Level Annotations

Branches:
Dungeon (3/15)

Altars:
Ashenzari


Innate Abilities, Weirdness & Mutations

You are small and have problems with some larger weapons.
You are completely attuned to the shadows.


Message History

Fire: a) +1 sling
Press: ? - help, Q - select action, (/) - cycle Shift-Dir - straight line, f - adder
Aim: an adder (chance to call a sprite on attack: 54%, 44% to hit)
You shoot a sling bullet. The sling bullet hits the adder.
The adder is lightly wounded.
A giggling sprite leaps out and smacks the adder with its own tail.
The adder is severely wounded.
You feel sick. The adder bites you but does no damage.
Fire: a) +1 sling
Press: ? - help, Q - select action, (/) - cycle Shift-Dir - straight line, f/p - adder
Aim: an adder (severely wounded, heavily drained, chance to call a sprite on attack: 59%, 44% to hit)
You shoot a sling bullet. The sling bullet misses the adder.
The sling bullet hits the gnoll.
You kill the gnoll!
You feel sick. The adder misses you. The adder closely misses you.
You have reached level 6!
Fire: a) +1 sling
Press: ? - help, Q - select action, (/) - cycle Shift-Dir - straight line, f/p - adder
Aim: an adder (severely wounded, heavily drained, chance to call a sprite on attack: 59%, 44% to hit)
You shoot a sling bullet. The sling bullet hits the adder.
The adder is almost dead.
A giggling sprite leaps out and makes the adder trip over its own tail.
You kill the adder!
You feel sick.
Fire: a) +1 sling
Press: ? - help, Q - select action, (/) - cycle Shift-Dir - straight line, f - gnoll
Aim: a gnoll, wielding a +0 whip (chance to call a sprite on attack: 54%, 65% to hit)
You shoot a sling bullet.
The sling bullet barely misses the gnoll.
You feel sick. The gnoll closely misses you. The gnoll hits you with a +0 whip.
* * * LOW HITPOINT WARNING * * *
Fire: a) +1 sling
Press: ? - help, Q - select action, (/) - cycle Shift-Dir - straight line, f/p - gnoll
Aim: a gnoll, wielding a +0 whip (chance to call a sprite on attack: 54%, 65% to hit)
You shoot a sling bullet. The sling bullet hits the gnoll!
The gnoll is severely wounded.
A giggling sprite leaps out and bonks the gnoll with its +0 whip.
The gnoll is almost dead.
The jinxing sprites lose interest in you.
You die...

#.#.# #...#
#.........
#.....##. .#
#...#
#######.##
#.....#..
..##...# #.#
#........
.......#####
###$#
#.....<..
.....#.....#
##.#.#
†.†...##
.###.#####.#
#....#
####...#
?...)# #.#
.....##
.......#
####g# #.#
......#
####...# #@#
#.# .......
##.## #.#
#.# .......
#.# #.# #.#
.....## #.#
#.# #.#
#...## #.#
#.#####.#
#.. #####.#
.....###
......#
.......#
#######
######.# #.#


You could see a gnoll (very drained).

Vanquished Creatures
  Terence (D:2)
  2 gnolls (D:3)
  8 adders
  2 dart slugs (D:1)
  4 orcs (D:3)
  4 endoplasms
  10 goblins
  9 hobgoblins
  6 jackals
  5 quokkas
  5 ball pythons
  4 bats
  2 frilled lizards
  4 kobolds
  3 rats
69 creatures vanquished.

Notes
Turn   | Place    | Note
-------+----------+-------------------------------------------
     0 | D:1      | sking99 the Kobold Hexslinger began the quest for the Orb.
     0 | D:1      | Reached XP level 1. HP: 12/12 MP: 2/2
   210 | D:1      | Reached skill level 3 in Ranged Weapons
   210 | D:1      | Reached XP level 2. HP: 16/16 MP: 3/3
   213 | D:1      | Learned a level 2 spell: Jinxbite
   745 | D:1      | Reached XP level 3. HP: 21/21 MP: 3/5
  1277 | D:2      | Reached XP level 4. HP: 23/26 MP: 4/6
  1312 | D:2      | Noticed Terence
  1322 | D:2      | Killed Terence
  1414 | D:2      | Reached skill level 4 in Ranged Weapons
  1431 | D:2      | Found a broken altar of Ashenzari.
  1522 | D:2      | Reached XP level 5. HP: 30/30 MP: 7/7
  2114 | D:2      | Became a worshipper of Ashenzari the Shackled
  2668 | D:3      | Learned a level 3 spell: Sigil of Binding
  2672 | D:3      | Learned a level 3 spell: Inner Flame
  2748 | D:3      | Reached XP level 6. HP: 9/36 MP: 9/9
  2749 | D:3      | HP: 1/36 [gnoll/+0 whip (6)]
  2750 | D:3      | Succumbed to an adder's poison

Illustrated notes

Levels and vault maps discovered:
D:1:      matt_arrival_refuge, layout_basic, nicolae_twisty_statue_hallways
D:2:      layout_rooms, basic_altar, uniq_terence
D:3:      layout_loops_ring, overflow_temple_1_default, minmay_liquid_box,
          minmay_checkerbox

Skill      XL: |  1  2  3  4  5 |
---------------+----------------+-----
Ranged Weapons | 3 4 |  4.9
Fighting       | 2 |  2.5
Dodging        | 3 |  3.5
Spellcasting   | 2 |  2.2
Hexes          | |  3.5
Fire Magic     | |  1.3

Action                     |  1- 3 |  4- 6 || total
---------------------------+-------+-------++-------
   Fire: Sling             |    69 |   109 ||   178
   Cast: Jinxbite          |    12 |    23 ||    35
 Armour: Robe              |    18 |    40 ||    58
  Dodge: Dodged            |    38 |    64 ||   102
